 Dungeon Crawl Stone Soup version 0.30-a0-996-ga6910c8ee8 (webtiles) character file.

Game seed: 3730939566773243794

409323 retardedninja the Executioner (level 23, -44/208 HPs)
             Began as a Naga Fighter on Apr 4, 2023.
             Was the Champion of Hepliaklqana.
             Killed from afar by an ancient lich (57 damage)
             ... with a bolt of acid
             ... on level 5 of the Vaults.
             The game lasted 01:27:32 (56503 turns).

retardedninja the Executioner (Naga Fighter)       Turns: 56503, Time: 01:27:35

Health: -44/208    AC: 47    Str: 35    XL:     23   Next: 47%
Magic:  0/23       EV:  8    Int:  9    God:    Hepliaklqana [******]
Gold:   3994       SH: 19    Dex: 11    Spells: 22/22 levels left

rFire   . . .      SeeInvis +    H - +8 war axe (flame)
rCold   + + .      Faith    .    X - +0 tower shield
rNeg    . . .      Spirit   +    E - +5 plate armour {rF+}
rPois   +          Reflect  .    r - +2 helmet
rElec   +          Rampage  .    L - +2 cloak
rCorr   .          Harm     + .  N - +0 pair of gloves of Tiosh {Harm rPois rC+}
Will    +++..                    p - +6 lightning scales {swift, rElec} Stlth
                                 J - amulet of Wual {Spirit Contam rC+ Will+}
HPRegen 0.54/turn                G - +6 ring of strength
MPRegen 0.18/turn                d - +5 ring of evasion

@: about to teleport, invisible, slow
A: reduced essence, AC +7, large, see invisible, deformed body, poison
resistance, slowness 2, spit poison 1, naga tail 2, heat vulnerability 1
}: 2/15 runes: serpentine, barnacled
a: Spit Poison, Renounce Religion, Recall Ancestor, Ancestor Identity,
Transference, Idealise


You were on level 5 of the Vaults.
You worshipped Hepliaklqana.
Hepliaklqana was exalted by your worship.
You visited 8 branches of the dungeon, and saw 39 of its levels.
You visited the Abyss 1 time.
You also visited: Ossuary.

You collected 5508 gold pieces.
You spent 1514 gold pieces at shops.

Inventory:

Hand Weapons
 f - the +9 triple sword of Nerol {flame, MP+9 Int+3}
   (You took it off a deep elf death mage on level 3 of the Elven Halls)

   Int:       It affects your intelligence (+3).
   MP:        It affects your magic capacity (+9).
 H - a +8 war axe of flaming (weapon)
 U - the +7 triple crossbow of Midnight {freeze, Dex+8}
   (You found it on level 1 of the Vaults)

   Dex:       It affects your dexterity (+8).
Missiles
 C - 2 throwing nets
Armour
 p - the +6 lightning scales (worn) {swift, rElec}
   (You found it on level 13 of the Dungeon)

   Swift:     It allows the wearer to cover ground more swiftly.
   rElec:     It insulates you from electricity.
 r - a +2 helmet (worn)
 E - a +5 plate armour of fire resistance (worn)
 L - a +2 cloak (worn)
 N - the +0 pair of gloves of Tiosh (worn) {Harm rPois rC+}
   (You bought it in a shop on level 2 of the Orcish Mines)

   rC:        It protects you from cold.
   rPois:     It protects you from poison.
   Harm:      It increases damage dealt and taken.
 X - a +0 tower shield (worn)
Jewellery
 d - a +5 ring of evasion (right hand)
 G - a +6 ring of strength (left hand)
 J - the amulet of Wual (around neck) {Spirit Contam rC+ Will+}
   (You bought it in a shop on level 2 of the Orcish Mines)

   [amulet of guardian spirit]

   It causes incoming damage to be divided between your reserves of health and
   magic.
   rC:        It protects you from cold.
   Contam:    It causes magical contamination when unequipped.
   Will:      It increases your willpower.
 S - the ring of Sovereignty {rF- Int+6 Dex+5}
   (You took it off a deep elf annihilator on level 3 of the Elven Halls)

   [ring of intelligence]

   Int:       It affects your intelligence (+6).
   Dex:       It affects your dexterity (+5).
   rF:        It makes you vulnerable to fire.
 T - the ring of the Evening {Contam rPois rF++ MP+9 SInv}
   (You took it off a deep elf sorcerer on level 3 of the Elven Halls)

   [ring of magical power]

   rF:        It greatly protects you from fire.
   rPois:     It protects you from poison.
   MP:        It affects your magic capacity (+9).
   SInv:      It lets you see invisible.
   Contam:    It causes magical contamination when unequipped.
Wands
 o - a wand of flame (26)
 y - a wand of paralysis (31)
 z - a wand of polymorph (16)
 D - a wand of mindburst (23)
Scrolls
 b - a scroll of torment
 c - 3 scrolls of fog
 g - 4 scrolls of immolation
 h - a scroll of vulnerability
 m - 5 scrolls of teleportation
 s - a scroll of magic mapping
 u - 6 scrolls of poison
 v - 3 scrolls of silence
 A - 4 scrolls of fear
Potions
 a - 10 potions of curing
 e - 7 potions of mutation
 i - a potion of ambrosia
 k - 6 potions of magic
 l - 11 potions of brilliance
 w - 5 potions of cancellation
 x - 2 potions of flight
 B - a potion of might
 F - 3 potions of haste
 W - 3 potions of berserk rage
Miscellaneous
 I - a tin of tremorstones (2/2)
 M - a lightning rod (3/4)
 O - a condenser vane (inert)
 P - a phial of floods (inert)
 Y - a phantom mirror (inert)


   Skills:
 + Level 19.2 Fighting
 * Level 25.8 Axes
 + Level 16.3 Armour
 + Level 17.7 Shields


You had 22 spell levels left.
You didn't know any spells.
Your spell library contained the following spells:

 Spells                   Type           Power      Damage    Failure   Level
 Apportation              Tloc           0%         N/A       98%         1
 Beastly Appendage        Tmut           0%         N/A       98%         1
 Kiss of Death            Conj/Necr      0%         2d5       98%         1
 Necrotise                Necr           0%         1d4       98%         1
 Sandblast                Erth           0%         2d4       98%         1
 Shock                    Conj/Air       0%         1d3       98%         1
 Slow                     Hex            0%         N/A       98%         1
 Blink                    Tloc           0%         N/A       99%         2
 Ensorcelled Hibernation  Hex/Ice        0%         N/A       99%         2
 Lesser Beckoning         Tloc           0%         N/A       99%         2
 Momentum Strike          Conj/Tloc      0%         3d8       99%         2
 Passwall                 Tmut/Erth      0%         N/A       99%         2
 Static Discharge         Conj/Air       0%         2-2/arc   99%         2
 Wereblood                Tmut           0%         N/A       99%         2
 Confusing Touch          Hex            0%         N/A       100%        3
 Dazzling Flash           Conj/Hex       0%         N/A       100%        3
 Mephitic Cloud           Conj/Pois/Air  0%         N/A       100%        3
 Ozocubu's Armour         Ice            0%         N/A       100%        3
 Portal Projectile        Hex/Tloc       0%         N/A       100%        3
 Spider Form              Tmut/Pois      0%         N/A       100%        3
 Stone Arrow              Conj/Erth      0%         3d7       100%        3
 Swiftness                Air            0%         N/A       100%        3
 Tukima's Dance           Hex            0%         N/A       100%        3
 Vampiric Draining        Necr           0%         2d6       100%        3
 Vhi's Electric Charge    Tloc/Air       0%         N/A       100%        3
 Airstrike                Air            0%         2d(0-16)  100%        4
 Iskenderun's Mystic Bla  Conj/Tloc      0%         2d3       100%        4
 Leda's Liquefaction      Hex/Erth       0%         N/A       100%        4
 Petrify                  Tmut/Erth      0%         N/A       100%        4
 Summon Lightning Spire   Summ/Air       0%         N/A       100%        4
 Agony                    Necr           0%         N/A       100%        5
 Alistair's Intoxication  Tmut/Pois      0%         N/A       100%        5
 Arcjolt                  Conj/Air       0%         1d10      100%        5
 Blade Hands              Tmut           0%         N/A       100%        5
 Borgnjor's Vile Clutch   Necr/Erth      0%         N/A       100%        5
 Freezing Cloud           Conj/Ice/Air   0%         6-21      100%        5
 Lee's Rapid Deconstruct  Erth           0%         3d4*      100%        5
 Summon Forest            Summ/Tloc      0%         N/A       100%        5
 Conjure Ball Lightning   Conj/Air       0%         3x3d6     100%        6
 Death Channel            Necr           0%         N/A       100%        6
 Eringya's Noxious Bog    Tmut/Pois      0%         N/A       100%        6
 Plasma Beam              Fire/Air       0%         2x1d11    100%        6
 Starburst                Conj/Fire      0%         6d3       100%        6
 Statue Form              Tmut/Erth      0%         N/A       100%        6
 Dragon Form              Tmut           0%         N/A       100%        7
 Ozocubu's Refrigeration  Ice            0%         4d7       100%        7
 Summon Hydra             Summ           0%         N/A       100%        7
 Maxwell's Capacitive Co  Air            0%         ∞         100%        8
 Chain Lightning          Conj/Air       0%         N/A       100%        9
 Fire Storm               Conj/Fire      0%         5d1       100%        9
 Shatter                  Erth           0%         3d5*      100%        9


Dungeon Overview and Level Annotations

Branches:
Dungeon (15/15)            Temple (1/1) D:4            Lair (5/5) D:8
 Shoals (4/4) Lair:2        Snake (4/4) Lair:3        Slime (0/5) Lair:4
    Orc (2/2) D:9             Elf (3/3) Orc:2        Vaults (5/5) D:13
  Crypt (0/3) Vaults:2     Depths (0/4) D:15        Ossuary (visited)

Altars:
Ashenzari
Cheibriados
Dithmenos
Elyvilon
Fedhas
Gozag
Hepliaklqana
Kikubaaqudgha
Makhleb
Nemelex Xobeh
Okawaru
Qazlal
Ru
Sif Muna
Trog
Uskayaw
Vehumet
Wu Jian
Xom
Yredelemnul
Zin
The Shining One
Jiyva
Lugonu

Shops:
D:6 *   D:7 :   Orc:2 [[=[   Elf:3 *   Snake:1 =   Snake:2 [   Snake:4 !
Vaults:1 *

Portals:
Abyss: Lair:5
Trove: Elf:3 (give 10 potions of heal wounds)

Annotations:
D:6 2 transporters, Maxmaps's ghost, novice DrTm
Snake:2 2 transporters, Qob Tera's ghost, adept DsGl
Elf:1 6 runed translucent doors
Vaults:5 Boris; Jory


Innate Abilities, Weirdness & Mutations

Your life essence is reduced to manifest your ancestor. (-10% HP)
Your serpentine skin is tough. (AC +7)
You have supernaturally acute eyesight. (SInv)
Armour fits poorly on your strangely shaped body.
Your system is resistant to poisons. (rPois)
You cover ground very slowly.
You can spit poison.
You can use your snake-like lower body to constrict enemies.
You are vulnerable to heat. (rF-)


Message History

The yaktaur captain shoots a bolt.
The bolt hits stephen hawking!!!
A necromancer comes into view. It is wielding a +0 dagger.
You block the ironbound preserver's attack.
The yaktaur captain unwields a +0 arbalest.
The yaktaur captain hits stephen hawking!
As you read the scroll of teleportation, it crumbles to dust.
You feel strangely unstable.
Stephen hawking hits the yaktaur captain with a +0 lajatang of freezing!
Stephen hawking freezes the yaktaur captain.
A quicksilver dragon comes into view.
You block the ironbound preserver's attack.
Stephen hawking points at the yaktaur captain and mumbles some strange words.
The bolt of magma hits the yaktaur captain!!!
The yaktaur captain dies!
You hear a splash. x2
Unknown command.
Stephen hawking gestures at the ironbound preserver while chanting.
The stone arrow hits the necromancer!!
Items here: ( )) [ †.
Unknown command.
Your surroundings suddenly seem different.
A shock serpent, an ancient lich and an ironbound preserver come into view.
The ironbound preserver is wielding a +2 great mace of protection.
The shock serpent hisses angrily.
The ancient lich shouts!
The ironbound preserver shouts!
The shock serpent changes into an anaconda!
The ancient lich points at you and mumbles some strange words.
The bolt of acid hits the ironbound preserver!!!!
The bolt of acid hits you!!
* * * LOW HITPOINT WARNING * * *
You hear a deafening roar!
As you read the scroll of teleportation, it crumbles to dust.
You feel strangely unstable.
The anaconda hisses angrily.
The ironbound preserver shouts!
The ancient lich gestures at you while chanting.
The bolt of acid hits the ironbound preserver!!!
The acid corrodes the ironbound preserver!
The ironbound preserver dies!
The bolt of acid hits you!!!
You die...

#######
.....#
....S#
##....#
#.....#
#.@#
..L)...##
##....#
###.. ##


You could see an ancient lich and an anaconda shaped shifter (wandering, unable
to see you).

Vanquished Creatures
  An ancient lich (Vaults:5)
  Mennas (Vaults:3)
  Margery (Vaults:3)
  Jorgrun (D:13)
  A deep elf blademaster (Elf:3)
  2 titans (Vaults:5)
  Polyphemus (Shoals:2)
  2 deep elf master archers (Elf:3)
  3 tentacled starspawn (Abyss:1)
  A sphinx (Vaults:4)
  Agnes (Elf:2)
  A shadow dragon (Vaults:5)
  2 tengu reavers
  Ilsuiw (Shoals:3)
  3 deep elf sorcerers
  6 nagarajas (Snake:4)
  3 frost giants
  A fire giant (Vaults:3)
  9 vault wardens
  2 orc warlords
  12 very ugly things
  A deep elf elementalist (Elf:3)
  3 war gargoyles
  4 stone giants
  18 ironbound preservers
  6 ironbound thunderhulks
  9 deep elf demonologists
  3 elemental wellsprings (Shoals:3)
  5 deep elf annihilators
  5 dire elephants
  3 merfolk javelineers
  6 deep elf death magi
  2 deep elf high priests (Elf:3)
  6 merfolk impalers
  2 crystal guardians
  3 ettins (Vaults:5)
  5 yaktaur captains
  9 great orbs of eyes
  2 ogre magi (D:15)
  3 hydras
  18 vault guards
  2 catoblepae
  2 salamander tyrants (Snake:4)
  3 peacekeepers
  6 anacondas
  5 merfolk avatars
  2 alligator snapping turtles (Shoals:4)
  6 centaur warriors
  4 boulder beetles
  5 merfolk aquamancers (Shoals:4)
  A death knight (Vaults:2)
  A satyr (Shoals:3)
  6 two-headed ogres (D:15)
  6 ironbound frosthearts
  2 deep troll shamans (Vaults:3)
  11 naga warriors
  5 death yaks
  2 orc high priests (Orc:2)
  A deep troll earth mage (Vaults:3)
  20 dancing weapons
  5 shock serpents
  A hell knight (Vaults:3)
  7 deep elf knights
  2 iron trolls (Vaults:3)
  4 naga sharpshooters
  4 skeletal warriors (D:13)
  4 skysharks
  A fire crab (shapeshifter) (Elf:1)
  6 salamander mystics
  A sea snake (shapeshifter) (D:13)
  34 deep trolls
  8 sea snakes
  11 deep elf archers
  7 wizards
  6 naga ritualists
  5 lindwurms
  7 orc knights
  9 ironbound convokers
  A mana viper (shapeshifter) (Vaults:5)
  A phantasmal warrior (Vaults:4)
  26 harpies
  5 starcursed masses (Abyss:1)
  3 necromancers
  14 deep elf pyromancers
  18 deep elf zephyrmancers
  37 ugly things
  8 mana vipers
  10 cyclopes
  3 large abominations
  11 manticores
  An orc sorcerer (Orc:1)
  A frost giant zombie (Vaults:4)
  20 salamanders
  12 fauns
  10 merfolk sirens
  17 black mambas
  A guardian serpent (Snake:3)
  A black mamba (shapeshifter) (D:13)
  9 vault sentinels
  A demonic crawler (Abyss:1)
  Maurice (D:8)
  7 elephants
  7 cane toads
  A smoke demon (Abyss:1)
  13 naga magi
  A gargoyle (D:14)
  3 water nymphs
  2 unseen horrors
  A torpor snail (Lair:1)
  10 rime drakes
  25 yaktaurs
  2 yaktaurs (shapeshifter)
  A freezing wraith (D:15)
  4 komodo dragons
  A harpy zombie (D:15)
  An ancient zyme (Lair:5)
  2 trolls
  12 merfolk
  2 polar bears
  3 raiju (Abyss:1)
  A wolf spider simulacrum (D:15)
  5 wind drakes (Shoals:4)
  10 blink frogs
  10 snapping turtles
  2 dream sheep
  11 slime creatures
  A centaur simulacrum (D:15)
  A black mamba zombie (Abyss:1)
  3 shadows
  2 air elementals (Elf:1)
  A spriggan (Lair:5)
  19 water elementals
  A vampire (D:9)
  3 ynoxinuls
  7 wyverns
  8 small abominations
  30 yaks
  3 fire elementals
  3 wraiths
  Eustachio (D:6)
  8 vampire mosquitoes
  6 steam dragons
  4 golden eyes (Abyss:1)
  9 basilisks
  2 chaos spawn (Lair:5)
  32 nagas
  4 wargs
  2 acid dragons
  7 water moccasins
  A hell hound (Snake:2)
  Duvessa (D:6)
  An ice beast (shapeshifter) (Lair:5)
  An ice beast (D:4)
  32 orc warriors
  2 black bears
  7 wolves
  7 centaurs
  8 ogres
  An earth elemental (Elf:1)
  A gnoll sergeant (D:10)
  5 scorpions
  8 bullfrogs
  A human skeleton (Vaults:4)
  6 wights
  Dowan (D:6)
  A killer bee (D:10)
  4 howler monkeys
  2 electric eels
  9 centaur zombies
  2 lava snakes (Snake:2)
  3 hounds
  4 jellies (Lair:4)
  23 orc priests
  A gnoll bouda (D:8)
  2 sleepcaps (D:5)
  A boggart zombie (D:13)
  6 iguanas
  Ijyb (D:3)
  10 orc wizards
  9 hell rats
  2 mummies (Ossuary)
  8 gnolls
  8 adders
  A worm (D:4)
  3 dart slugs
  69 orcs
  4 ball pythons
  4 bats
  6 endoplasms (D:3)
  A giant cockroach (D:4)
  3 hobgoblins
  2 jackals (D:3)
  7 kobolds
  5 quokkas
  3 frilled lizards
  9 goblins
  3 rats
  2 starspawn tentacles (Abyss:1)
1186 creatures vanquished.

Vanquished Creatures (collateral kills)
  Frederick (Vaults:3)
  Saint Roka (Vaults:3)
  A deep elf blademaster (Elf:3)
  Gastronok (Lair:2)
  A sphinx (Vaults:4)
  Roxanne (D:14)
  Frances (D:13)
  4 deep elf sorcerers (Elf:3)
  A fire giant (Vaults:5)
  3 vault wardens
  3 very ugly things
  A stone giant (Vaults:5)
  A war gargoyle (Vaults:3)
  2 ironbound preservers
  5 ironbound thunderhulks
  2 elemental wellsprings (Shoals:3)
  2 deep elf annihilators (Elf:3)
  2 dire elephants (Vaults:1)
  Azrael (Snake:2)
  Snorg (D:11)
  3 merfolk impalers
  2 deep elf death magi (Elf:3)
  A merfolk javelineer (Shoals:4)
  5 yaktaur captains
  2 deep elf high priests (Elf:1)
  3 great orbs of eyes
  6 vault guards
  4 two-headed ogres
  4 centaur warriors (Vaults:1)
  2 catoblepae
  2 peacekeepers
  2 ironbound frosthearts
  3 satyrs
  2 anacondas
  A boulder beetle (Vaults:1)
  2 hydras
  2 merfolk aquamancers
  5 naga warriors (Snake:4)
  3 merfolk avatars
  A death knight (Vaults:2)
  6 death yaks
  3 orc high priests (Orc:2)
  9 dancing weapons
  2 thrashing horrors (Lair:5)
  2 hell knights (Vaults:3)
  3 naga sharpshooters
  A shock serpent (Snake:2)
  10 deep elf knights
  A wretched star (Abyss:1)
  A skyshark (Shoals:1)
  A large abomination (Abyss:1)
  12 deep trolls
  A flayed ghost (Vaults:4)
  2 glowing orange brains
  6 deep elf archers
  Pikel (D:7)
  2 lindwurms (Vaults:3)
  3 wizards
  A wolf spider zombie (D:13)
  6 harpies
  11 ugly things
  5 deep elf zephyrmancers (Elf:2)
  A mana viper (Snake:3)
  A necromancer (Vaults:3)
  A cyclops (shapeshifter) (Elf:1)
  An orc sorcerer (Elf:1)
  3 orc knights
  5 deep elf pyromancers
  3 salamanders (Snake:2)
  2 cyclopes (Shoals:2)
  4 manticores
  8 fauns
  A stone giant skeleton (Vaults:4)
  7 elephants
  A water nymph (Shoals:4)
  Joseph (D:7)
  4 naga magi
  A merfolk siren (Shoals:4)
  4 vault sentinels
  3 cane toads
  3 smoke demons
  5 black mambas
  An unseen horror (D:11)
  5 rime drakes
  3 komodo dragons
  6 yaktaurs
  3 merfolk
  4 trolls
  3 wind drakes
  4 snapping turtles
  3 dream sheep
  10 blink frogs
  6 slime creatures
  A shadow (Abyss:1)
  2 air elementals
  2 wyverns (Lair:1)
  4 water elementals
  4 starcursed masses (Abyss:1)
  13 yaks
  2 vampires (D:13)
  4 basilisks
  2 neqoxecs (Abyss:1)
  5 steam dragons
  3 fire elementals
  A vampire mosquito (D:12)
  13 nagas
  5 water moccasins
  A hell hound (Snake:2)
  12 orc warriors
  A sky beast (D:8)
  2 wolves (Lair:1)
  2 ogres
  7 centaurs
  A human skeleton (Vaults:4)
  5 small abominations
  A kobold brigand (D:10)
  4 bullfrogs
  3 earth elementals
  5 wights (D:9)
  A killer bee (D:7)
  2 electric eels
  A centaur zombie (Ossuary)
  3 lava snakes (Snake:2)
  A hound (D:7)
  2 jellies
  13 orc priests
  An iron imp (Abyss:1)
  10 orc wizards
  2 sleepcaps (D:7)
  3 hell rats
  4 mummies (Ossuary)
  2 adders
  6 gnolls
  A white imp (Abyss:1)
  2 ufetubi
  52 orcs
  2 goblins (D:7)
  A hobgoblin zombie (Ossuary)
  2 kobolds (D:10)
  A bush (Lair:5)
503 creatures vanquished.

Vanquished Creatures (others)
  Nikola (Snake:2)
  A deep elf elementalist (Elf:3)
  An ironbound preserver (Vaults:5)
  A deep elf annihilator (Elf:3)
  A salamander tyrant (Snake:3)
  3 deep elf knights
  A deep elf archer (Elf:2)
  A phantasmal warrior (Vaults:4)
  A deep elf zephyrmancer (Elf:1)
  2 rime drakes (Lair:3)
  A hell hound (Snake:2)
  A bullfrog (Lair:3)
  43 battlemagi
  30 fungi
  62 plants
  4 starspawn tentacles (Abyss:1)
  4 withered plants (D:13)
158 creatures vanquished.

Grand Total: 1847 creatures vanquished

Notes
Turn   | Place    | Note
-------+----------+-------------------------------------------
     0 | D:1      | retardedninja the Naga Fighter began the quest for the Orb.
     0 | D:1      | Reached XP level 1. HP: 21/21 MP: 1/1
   172 | D:1      | Reached XP level 2. HP: 26/28 MP: 2/2
   920 | D:2      | Reached XP level 3. HP: 34/34 MP: 3/3
  1298 | D:3      | Reached skill level 3 in Axes
  1528 | D:3      | Reached XP level 4. HP: 36/42 MP: 4/4
  1616 | D:3      | Noticed Ijyb
  1628 | D:3      | Paralysed by Ijyb for 4 turns
  1632 | D:3      | Killed Ijyb
  1752 | D:3      | Identified the +2 ring mail of Indemnity {Rampage rC+++
                  | Will- rCorr}
  1864 | D:3      | Found a snail-covered altar of Cheibriados.
  1869 | D:3      | Found a burning altar of Makhleb.
  2094 | D:3      | Found a broken altar of Ashenzari.
  2496 | D:3      | Reached XP level 5. HP: 41/49 MP: 5/5
  2614 | D:4      | Noticed an ice beast
  2622 | D:4      | Killed an ice beast
  2623 | D:4      | Reached skill level 4 in Axes
  2884 | D:4      | Reached XP level 6. HP: 32/57 MP: 6/6
  3763 | D:4      | Noticed a black bear
  3783 | D:4      | Killed a black bear
  3784 | D:4      | Reached XP level 7. HP: 38/66 MP: 7/7
  4162 | D:4      | Reached skill level 5 in Axes
  4265 | D:4      | Found a staircase to the Ecumenical Temple.
  4361 | Temple   | Entered the Ecumenical Temple
  4497 | D:5      | Entered Level 5 of the Dungeon
  4513 | D:5      | Found a hazy altar of Hepliaklqana.
  5426 | D:6      | Reached XP level 8. HP: 71/73 MP: 8/8
  5441 | D:6      | Found Nivats's Assorted Antiques.
  5444 | D:6      | Noticed Duvessa
  5444 | D:6      | Noticed Dowan
  5455 | D:6      | Killed Duvessa
  5456 | D:6      | Reached skill level 5 in Fighting
  5456 | D:6      | Reached skill level 6 in Axes
  5458 | D:6      | Killed Dowan
  5460 | D:6      | Noticed Eustachio
  5478 | D:6      | Killed Eustachio
  6018 | D:5      | Became a worshipper of Hepliaklqana the Forgotten
  6439 | D:5      | Reached * piety under Hepliaklqana
  6595 | D:5      | Reached skill level 5 in Shields
  6604 | D:5      | Reached skill level 7 in Axes
  7147 | D:5      | Identified the +8 falchion "Xaoxon Yrho" {vamp, rPois rC-
                  | Str+5 SInv}
  7484 | D:6      | Found an ancient bone altar of Kikubaaqudgha.
  7593 | D:6      | Reached XP level 9. HP: 73/73 MP: 9/9
  7684 | D:6      | Found a transporter.
  7684 | D:6      | Noticed Maxmaps's ghost (novice DrTm)
  7709 | D:6      | Found a transporter.
  7763 | D:6      | Reached ** piety under Hepliaklqana
  7852 | D:6      | Remembered your ancestor stephen hawking as a battlemage
  8428 | D:7      | Reached skill level 5 in Armour
  8447 | D:7      | Noticed Pikel
  8453 | D:7      | Killed Pikel
  8454 | D:7      | Reached skill level 8 in Axes
  9371 | D:7      | Noticed Joseph
  9382 | D:7      | Killed Joseph
  9651 | D:7      | Found an opulent altar of Gozag.
  9742 | D:7      | Found a sparkling altar of Nemelex Xobeh.
  9755 | D:7      | Found Quyps's Self-Improvement Boutique.
 10139 | D:7      | Found a white marble altar of Elyvilon.
 10642 | D:7      | Reached skill level 9 in Axes
 10642 | D:7      | Reached XP level 10. HP: 76/82 MP: 10/10
 10895 | D:8      | Found a sacrificial altar of Ru.
 10941 | D:8      | Found a sand-covered staircase.
 10959 | Ossuary  | Entered an ossuary
 11412 | D:8      | Noticed a green ugly thing
 11413 | D:8      | Noticed Maurice
 11419 | D:8      | Killed a red ugly thing
 11441 | D:8      | Killed Maurice
 11761 | D:8      | Reached skill level 10 in Axes
 11800 | D:8      | Found a staircase to the Lair.
 12190 | D:9      | Reached *** piety under Hepliaklqana
 12221 | D:9      | Found a staircase to the Orcish Mines.
 12235 | D:9      | Noticed a manticore
 12249 | D:9      | Killed a manticore
 12390 | D:9      | Reached XP level 11. HP: 76/92 MP: 11/11
 12905 | D:9      | Found a stormy altar of Qazlal.
 13003 | D:10     | Entered Level 10 of the Dungeon
 13053 | D:10     | Reached skill level 11 in Axes
 13114 | D:10     | Found a radiant altar of Vehumet.
 13138 | D:10     | Noticed a manticore
 13140 | D:10     | Noticed a boulder beetle
 13156 | D:10     | Noticed an orc knight
 13163 | D:10     | Killed a manticore
 13165 | D:10     | Noticed a centaur warrior
 13178 | D:10     | Noticed an orc knight
 13181 | D:10     | Killed a centaur warrior
 13183 | D:10     | HP: 3/93 [orc knight/+0 dire flail (15)]
 13493 | D:10     | Killed a boulder beetle
 13498 | D:10     | Killed an orc knight
 13828 | D:10     | Killed an orc knight
 13829 | D:10     | Reached skill level 12 in Axes
 14067 | D:10     | Found a glowing silver altar of Zin.
 14224 | D:10     | Reached **** piety under Hepliaklqana
 14345 | D:11     | Reached XP level 12. HP: 75/102 MP: 12/12
 14426 | D:11     | Noticed a two-headed ogre
 14430 | D:11     | Killed a two-headed ogre
 14478 | D:11     | Noticed Snorg
 14490 | D:11     | Killed Snorg
 14736 | D:11     | Noticed a two-headed ogre
 14741 | D:11     | Killed a two-headed ogre
 15086 | D:11     | Noticed a boulder beetle
 15115 | D:11     | Killed a boulder beetle
 15675 | D:12     | Noticed a seven-headed hydra
 15678 | D:12     | Killed a four-headed hydra
 16052 | D:12     | Reached skill level 13 in Axes
 16307 | D:13     | Noticed a catoblepas
 16827 | Lair:1   | Entered Level 1 of the Lair of Beasts
 16933 | Lair:1   | Reached ***** piety under Hepliaklqana
 16974 | Lair:1   | Reached skill level 10 in Fighting
 17290 | Lair:1   | Gained mutation: You can use your snake-like lower body to
                  | constrict enemies. [Naga growth]
 17290 | Lair:1   | Reached XP level 13. HP: 109/110 MP: 13/13
 17749 | Lair:2   | Found a staircase to the Shoals.
 17886 | Lair:2   | Noticed Gastronok
 17903 | Lair:2   | Killed Gastronok
 17904 | Lair:2   | Reached skill level 14 in Axes
 19118 | Lair:3   | Reached skill level 10 in Shields
 19329 | Lair:3   | Identified the +1 leather armour "Uweatiesm" {rElec Dex+3
                  | Slay-4}
 19392 | Lair:3   | Found a staircase to the Snake Pit.
 19448 | Lair:3   | Reached skill level 15 in Axes
 20418 | Lair:3   | Reached XP level 14. HP: 121/121 MP: 14/14
 20748 | Lair:4   | Found a staircase to the Slime Pits.
 20781 | Lair:4   | Found a viscous altar of Jiyva.
 21071 | Lair:4   | Reached ****** piety under Hepliaklqana
 21683 | Lair:5   | Entered Level 5 of the Lair of Beasts
 21829 | Lair:5   | Reached skill level 10 in Armour
 21967 | Lair:5   | Reached skill level 16 in Axes
 22861 | Lair:5   | Found a corrupted altar of Lugonu.
 22861 | Lair:5   | Found a one-way gate to the infinite horrors of the Abyss.
 22865 | Lair:5   | Reached XP level 15. HP: 130/130 MP: 15/15
 22885 | Lair:5   | Got Sif Muna's Vademecum on Floating Lamentation
 23075 | Lair:5   | Identified the +10 hand axe "Posmitu" {freeze, Will- Str+7}
 23421 | Orc:1    | Entered Level 1 of the Orcish Mines
 23815 | Orc:2    | Entered Level 2 of the Orcish Mines
 24090 | Orc:2    | Found a staircase to the Elven Halls.
 24760 | Orc:2    | Reached skill level 17 in Axes
 24837 | Orc:2    | Found Qelen's Antique Armour Shop.
 24837 | Orc:2    | Found Guiwob's Armour Shop.
 24838 | Orc:2    | Found Duesm's Antique Armour Shop.
 24838 | Orc:2    | Found Uriamub's Jewellery Boutique.
 24982 | Orc:2    | Bought a pair of distressingly furry gloves for 190 gold
                  | pieces
 24982 | Orc:2    | Identified the +0 pair of gloves of Tiosh {Harm rPois rC+}
                  | (You bought it in a shop on level 2 of the Orcish Mines)
 24995 | Orc:2    | Bought the amulet of Wual {Spirit Contam rC+ Will+} for 572
                  | gold pieces
 25344 | Snake:1  | Entered Level 1 of the Snake Pit
 25397 | Snake:1  | Found Pen Deba's Jewellery Shoppe.
 25968 | Snake:1  | Identified the +9 mace of Dullness {heavy, rC+ Stlth+}
 26543 | D:13     | Found a gate to the Vaults.
 26841 | D:13     | Noticed Jorgrun
 26850 | D:13     | Killed Jorgrun
 27128 | D:13     | Reached XP level 16. HP: 141/141 MP: 16/16
 27217 | D:13     | Noticed Frances
 27228 | D:13     | Killed Frances
 27651 | D:13     | Found the +6 lightning scales {swift, rElec}
 27781 | D:14     | Identified the +0 robe "Kurix" {rF+ rC+ Dex+2}
 27823 | D:14     | Reached skill level 18 in Axes
 28036 | D:14     | Identified Roxanne's Disquisition on the Cwm
 28036 | D:14     | Noticed Roxanne
 28058 | D:14     | Killed Roxanne
 28127 | D:14     | Found a shimmering blue altar of Sif Muna.
 28257 | D:14     | You fall into a shaft and drop 1 floor!
 28257 | D:15     | Entered Level 15 of the Dungeon
 28468 | D:15     | Found a staircase to the Depths.
 30358 | Snake:2  | Found Vucy's Antique Armour Shoppe.
 30421 | Snake:2  | Noticed Azrael
 30433 | Snake:2  | Killed Azrael
 30442 | Snake:2  | Reached skill level 19 in Axes
 30807 | Snake:2  | Found a transporter.
 30813 | Snake:2  | Noticed Qob Tera's ghost (adept DsGl)
 30831 | Snake:2  | Noticed Nikola
 30843 | Snake:2  | Killed Nikola
 30844 | Snake:2  | Reached XP level 17. HP: 47/149 MP: 6/17
 31454 | Snake:2  | Found a sparkling altar of Nemelex Xobeh.
 31491 | Snake:2  | Found a transporter.
 31787 | Snake:2  | Identified the ring of Rianus {rN+ Dex+6}
 32487 | Abyss:1  | Cast into level 1 of the Abyss (salamander)
 32666 | Abyss:1  | Noticed a tentacled starspawn
 32677 | Abyss:1  | Killed a tentacled starspawn
 32901 | Abyss:1  | Noticed a tentacled starspawn
 32901 | Abyss:1  | Noticed a tentacled starspawn
 32905 | Abyss:1  | Killed a tentacled starspawn
 32906 | Abyss:1  | Killed a tentacled starspawn
 32912 | Snake:3  | Escaped the Abyss
 34104 | Snake:4  | Entered Level 4 of the Snake Pit
 34115 | Snake:4  | Found a bloodstained altar of Trog.
 34759 | Snake:4  | Reached skill level 20 in Axes
 34885 | Snake:4  | Found Lagut's Distillery.
 34893 | Snake:4  | Bought a potion of curing for 66 gold pieces
 34893 | Snake:4  | Bought a potion of curing for 66 gold pieces
 34893 | Snake:4  | Bought 2 potions of invisibility for 352 gold pieces
 34893 | Snake:4  | Bought a potion of curing for 66 gold pieces
 34893 | Snake:4  | Bought a potion of curing for 66 gold pieces
 36094 | Snake:4  | Reached XP level 18. HP: 146/159 MP: 16/18
 36220 | Snake:4  | Reached skill level 15 in Fighting
 36428 | Snake:4  | Got a serpentine rune of Zot
 36641 | Shoals:1 | Entered Level 1 of the Shoals
 37291 | Shoals:2 | Noticed Polyphemus
 37310 | Shoals:2 | Killed Polyphemus
 38824 | Shoals:3 | Reached skill level 21 in Axes
 39073 | Shoals:3 | Noticed Ilsuiw
 39102 | Shoals:3 | Killed Ilsuiw
 39772 | Shoals:3 | Reached XP level 19. HP: 59/169 MP: 9/19
 40020 | Shoals:3 | Identified the staff of conjuration "Apamah" {rF+ rCorr}
 40021 | Shoals:3 | Identified the +6 hand axe "Maowk" {flame, Str+5 Int-2}
 40537 | Shoals:4 | Entered Level 4 of the Shoals
 41256 | Shoals:4 | Got Oschik's Quarto of Toxic Vicissitude
 41411 | Shoals:4 | Identified the staff of cold "Dudidy" {rPois rC+}
 41516 | Shoals:4 | Got a barnacled rune of Zot
 41691 | Shoals:4 | Identified the ring "Roulopau" {rF- rN+ Will+++ Stlth+}
 42173 | Vaults:1 | Entered Level 1 of the Vaults
 42195 | Vaults:1 | Reached skill level 22 in Axes
 42195 | Vaults:1 | Reached skill level 15 in Shields
 43119 | Vaults:1 | Identified the +7 triple crossbow of Midnight {freeze,
                  | Dex+8}
 43172 | Vaults:1 | Found Jag Odgh's General Store.
 43180 | Vaults:1 | Bought a potion of heal wounds for 85 gold pieces
 43180 | Vaults:1 | Bought a potion of curing for 51 gold pieces
 43393 | Vaults:1 | Reached XP level 20. HP: 179/179 MP: 20/20
 44984 | Vaults:2 | Reached skill level 23 in Axes
 45612 | Vaults:2 | Found a staircase to the Crypt.
 46026 | Vaults:2 | Identified the +7 arbalest "Melluyhu" {penet, Str-3 Int+2
                  | Dex+8}
 46030 | Vaults:2 | Identified the +7 arbalest of Causality {elec, rF+ Str+4
                  | Dex+3}
 46382 | Vaults:3 | Got Qibethrey's Catalogue of Ouranomancy
 46534 | Vaults:3 | Noticed Saint Roka
 46539 | Vaults:3 | Reached XP level 21. HP: 173/187 MP: 18/21
 46544 | Vaults:3 | Killed Saint Roka
 47319 | Vaults:3 | Noticed Mennas
 47361 | Vaults:3 | Killed Mennas
 47777 | Vaults:3 | Reached skill level 15 in Armour
 47824 | Vaults:3 | Noticed Frederick
 48113 | Vaults:3 | Killed Frederick
 48789 | Vaults:3 | Reached skill level 24 in Axes
 50173 | Vaults:4 | Reached XP level 22. HP: 198/198 MP: 20/22
 50428 | Vaults:5 | Entered Level 5 of the Vaults
 50488 | Vaults:3 | Noticed Margery
 50502 | Vaults:3 | Killed Margery
 50839 | Elf:1    | Entered Level 1 of the Elven Halls
 50997 | Elf:1    | Paralysed by an air elemental for 1 turns
 51000 | Elf:1    | Paralysed by an air elemental for 1 turns
 51649 | Elf:1    | Gained mutation: You are vulnerable to heat. (rF-) [a
                  | neqoxec]
 51665 | Elf:1    | Found a runed translucent gate.
 51665 | Elf:1    | Found a runed translucent gate.
 51665 | Elf:1    | Found a runed translucent gate.
 51665 | Elf:1    | Found a runed translucent gate.
 51665 | Elf:1    | Found a runed translucent gate.
 51666 | Elf:1    | Found a runed translucent gate.
 52056 | Elf:1    | Found an ancient bone altar of Kikubaaqudgha.
 52695 | Elf:2    | Reached skill level 25 in Axes
 52789 | Elf:2    | Noticed Agnes
 52796 | Elf:2    | Killed Agnes
 52857 | Elf:2    | Found a runed translucent gate.
 52857 | Elf:2    | Found a runed translucent gate.
 52858 | Elf:2    | Found a runed translucent gate.
 52917 | Elf:2    | Paralysed by an air elemental for 1 turns
 53868 | Elf:3    | Entered Level 3 of the Elven Halls
 54020 | Elf:3    | Found a portal to a secret trove of treasure.
 54027 | Elf:3    | Found Viohirilu's General Store.
 54447 | Elf:3    | Identified the ring of the Evening {Contam rPois rF++ MP+9
                  | SInv}
 54831 | Elf:3    | Identified the ring of Sovereignty {rF- Int+6 Dex+5}
 54838 | Elf:3    | Reached XP level 23. HP: 182/207 MP: 20/23
 55101 | Elf:3    | Identified the +9 triple sword of Nerol {flame, MP+9 Int+3}
 55129 | Elf:3    | Identified the staff of death "Ocosm" {rN+ rCorr Int-2
                  | Stlth+}
 55274 | Elf:3    | Got the Spellbook of Coordinates and the Wendigo
 55437 | Elf:3    | Identified the +7 arbalest "Fiem" {penet, rC- Int+4}
 56137 | Vaults:5 | Noticed Jory
 56144 | Vaults:5 | Noticed Boris
 56150 | Vaults:5 | Noticed an ancient lich
 56171 | Vaults:5 | Killed an ancient lich
 56272 | Vaults:5 | Identified the +11 battleaxe of Ucrettoz {flame, rC+ Will+
                  | Str+4}
 56489 | Vaults:5 | HP: 4/208 [fire giant/fireball (48)]
 56502 | Vaults:5 | Noticed an ancient lich
 56503 | Vaults:5 | Killed from afar by an ancient lich

Illustrated notes

Levels and vault maps discovered:
D:1:      roderic_chinese_lattice_arrival, layout_basic
D:2:      minmay_evil_eye, layout_loops_ring
D:3:      layout_loops_ring, nicolae_ashenzari_panopticon, minitemple, uniq_ijyb
D:4:      layout_cave_pools, minmay_temple_entry_enclosed_plants,
          nrook_mini_vaults
D:5:      layout_gridville, nicolae_overflow_hidden_temple
D:6:      layout_basic, kiku_gazebo_garden_becter, gammafunk_ghost_arena,
          serial_shops, shop, uniq_eustachio, uniq_duvessa,
          uniq_crazy_yiuf_cottage
D:7:      layout_cave_pools, nemelex_xobeh_ov_fountains_minmay,
          elyvilon_altar_5, lemuel_doored_altar, serial_bayou,
          serial_bayou_ford_a, serial_bayou_shore_a, serial_bayou_pond_c,
          serial_bayou_pond_e, serial_bayou_pond_b, enter_bailey_7,
          chequers_garden, nicolae_shop_self_help, uniq_joseph, uniq_pikel
D:8:      layout_cave_pools, nicolae_ru_sacrificial_ziggurat,
          david_lair_generic, nicolae_ossuary_entry_ruins,
          minmay_misc_feat_tiny, uniq_maurice
D:9:      layout_roguey, nicolae_qazlal_style_of_elements, orc_0_dummy
D:10:     cheibrodos_fzero, layout_long_grid, mainiacjoe_overflow_brackets,
          mainiacjoe_overflow_alcove_4, serial_rivers,
          chequers_serial_rivers_micro_a, chequers_serial_rivers_small_a,
          chequers_serial_rivers_room_b, chequers_serial_rivers_marsh,
          chequers_serial_rivers_marsh
D:11:     layout_grid_maze, uniq_snorg
D:12:     layout_loops_cross
D:13:     nicolae_hitomezashi [nicolae_hito_row, nicolae_hito_row,
          nicolae_hito_row, nicolae_hito_row, nicolae_hito_row,
          nicolae_hito_row, nicolae_hito_row, nicolae_hito_row,
          nicolae_hito_row, nicolae_hito_row, nicolae_hito_row,
          nicolae_hito_row, nicolae_hito_row, nicolae_hito_row,
          nicolae_hito_row, nicolae_hito_row, nicolae_hito_row,
          nicolae_hito_row], layout_cave_pools, serial_undead, serial_undead_c,
          serial_undead_f, serial_undead_b, serial_undead_b, serial_undead_b,
          serial_undead_b, serial_undead_b, serial_undead_b, special_room
          [special_room_orc], uniq_frances, uniq_jorgrun
D:14:     layout_basic, nicolae_sif_muna_condensation, uniq_roxanne
D:15:     grunt_enter_depths_magical_seal, layout_basic, minmay_misc_feat_iff
Temple:   nicolae_temple_two_arcs
Lair:1:   layout_regular_city
Lair:2:   layout_cave_pods, minmay_shoals_entry_centaurs,
          infiniplex_staircase_pool, lemuel_fruit_fields, grunt_megastairs_4,
          uniq_gastronok
Lair:3:   layout_chaotic_city, minmay_snake_entry_guardpost_medium,
          bobbens_dragon_lair_wall
Lair:4:   layout_loops_ring, nicolae_slime_entry_field_trip,
          beast_lair_carwin_6, lemuel_fruit_fields
Lair:5:   hellmonk_lair_end_abyssal_woods, layout_layer_cave,
          infiniplex_staircase_pool_2, serial_bayou_shore_b
Shoals:1: layout_shoals
Shoals:2: layout_shoals, st_cyclops, uniq_polyphemus
Shoals:3: layout_shoals, nicolae_shoals_raging_river, uniq_ilsuiw
Shoals:4: shoals_end_simple, layout_shoals, nicolae_shoals_drake_roost
Snake:1:  layout_misc_corridors, nicolae_take_the_stairs
Snake:2:  layout_cave_town, basic_altar, serial_shops, shop,
          gammafunk_ghost_berserking_beasts, nicolae_snake_salamander_zone,
          grunt_megastairs_2, serial_bayou_shore_b, uniq_nikola, uniq_azrael
Snake:3:  layout_cave_pods
Snake:4:  minmay_snake_end_coiled, layout_cave_town, serial_shops, shop,
          basic_altar
Orc:1:    nicolae_orc_accident_3, layout_caves
Orc:2:    st_orc_pillars, layout_caves
Elf:1:    layout_geoelf_octagon, basic_altar, mu_enter_wizlab_6, orc_legates
Elf:2:    elven_hall_of_blades_hangedman_original
          [infiniplex_blade_entry_pillars], layout_geoelf_octagon, uniq_agnes
Elf:3:    grunt_elf_hall_branching, layout_geoelf_grid, serial_shops,
          nicolae_shop_behind_doors, enter_trove_0
Vaults:1: ontoclasm_vaults_bender, nicolae_vaults_asterisk,
          nicolae_vaults_puzzle_piece, ontoclasm_vaults_fault, v_alt_pattern_4,
          nicolae_vaults_network_s, ontoclasm_vaults_loading_screen,
          nicolae_vaults_big_angled_halls, v_misc_27, v_misc_17,
          vaults_room_hangedman_quadrants, grunt_vaults_twisty,
          vaults_room_mumra_shop_pool, nicolae_vaults_little_squares_4,
          v_misc_1, layout_vaults_omnibox
Vaults:2: vaults_dpeg_hooks, dpeg_vaults_monster_box, v_misc_8,
          vaults_dpeg_cross, v_pattern_2, kb_rosetta, vaults_room_grid,
          nicolae_vaults_twisting_passages, v_misc_12,
          ontoclasm_vaults_ring_large, blue_anna_dwarven_crypt, v_misc_22,
          hangedman_vaults_slice, vaults_dpeg_emergency_exit,
          nicolae_vaults_yaktaur_gun_rack, layout_vaults_maze_snakey
Vaults:3: v_alt_pattern_3, vaults_room_hallway, v_misc_11,
          nicolae_vaults_triangles, v_misc_14, vaults_room_corners,
          v_alt_pattern_6, grunt_vaults_hallway_long, nicolae_vaults_alarming,
          vaults_room_pools, ontoclasm_vaults_chip, layout_vaults_quadrants,
          serial_shops, uniq_frederick, uniq_saint_roka, uniq_margery,
          uniq_mennas
Vaults:4: vaults_room_grid, dpeg_vaults_monster_row,
          nicolae_vaults_hallways_thing, v_misc_29, vaults_mumra_bighexcomb,
          v_pattern_3, hangedman_vaults_stretched_pinwheel,
          hangedman_vaults_maws, nicolae_vaults_sealed_display,
          ontoclasm_vaults_hangar, nicolae_vaults_little_squares_6,
          layout_vaults_ring
Vaults:5: uniq_jory, uniq_boris

Skill      XL: |  1  2  3  4  5  6  7  8  9 10 11 12 13 14 15 16 17 18 19 20 21 22 23 |
---------------+----------------------------------------------------------------------+-----
Shields        | 3 4 5 6 7 8 9 10 11 12 13 14 15 16 17 | 17.7
Axes           | 3 4 5 7 9 10 12 13 15 16 17 19 20 21 22 23 24 25 | 25.8
Armour         | 3 4 5 6 7 8 9 10 11 12 13 14 15 16 | 16.3
Fighting       | 4 5 6 8 9 10 11 12 13 14 15 16 17 18 19 | 19.2

Action                     |  1- 3 |  4- 6 |  7- 9 | 10-12 | 13-15 | 16-18 | 19-21 | 22-24 || total
---------------------------+-------+-------+-------+-------+-------+-------+-------+-------++-------
  Melee: War axe           |   100 |   129 |   266 |   318 |   661 |   779 |   774 |   368 ||  3395
         Constrict         |       |       |       |       |   168 |   193 |   202 |    76 ||   639
 Invoke: Recall Ancestor   |       |       |     2 |     1 |       |     3 |     2 |       ||     8
         Ancestor Life: Ba |       |       |     1 |       |       |       |       |       ||     1
         Ancestor Identity |       |       |     1 |       |       |       |       |       ||     1
Ability: Spit Poison       |       |       |       |     1 |       |       |     1 |       ||     2
  Evoke: Wand              |       |     2 |     6 |     4 |     2 |       |     3 |     1 ||    18
         Lightning rod     |       |       |       |       |     1 |    12 |     1 |     4 ||    18
         Condenser vane    |       |       |       |       |       |       |     3 |     3 ||     6
         Phantom mirror    |       |       |       |       |       |       |       |     3 ||     3
         Tin of tremorston |       |       |       |       |       |       |       |     2 ||     2
         Phial of floods   |       |       |       |       |       |       |       |     1 ||     1
    Use: Potion            |     2 |     2 |     1 |    14 |    10 |     4 |     3 |     9 ||    45
         Scroll            |       |       |    18 |    20 |    10 |    11 |     4 |    14 ||    77
   Stab: Paralysed         |       |     4 |       |     1 |       |       |       |     1 ||     6
         Distracted        |       |       |     1 |     8 |    11 |    14 |    22 |     8 ||    64
         Petrified         |       |       |       |       |     9 |       |       |       ||     9
         Petrifying        |       |       |       |       |     1 |       |       |       ||     1
         Confused          |       |       |       |       |       |       |     1 |       ||     1
         Invisible         |       |       |       |       |       |       |       |     1 ||     1
 Armour: Scale mail        |    27 |       |       |       |       |       |       |       ||    27
         Chain mail        |    31 |    93 |   168 |   108 |       |       |       |       ||   400
         Skin              |       |       |       |    32 |       |       |       |       ||    32
         Plate armour      |       |       |       |    22 |   319 |   499 |   482 |   198 ||  1520
  Dodge: Dodged            |    42 |    49 |    76 |   125 |   238 |   229 |   178 |    71 ||  1008
         Repelled          |       |       |     2 |       |       |       |       |       ||     2
  Block: Buckler           |    21 |    44 |    85 |   219 |   371 |   131 |       |       ||   871
         Reflection        |       |       |       |    13 |    15 |       |       |       ||    28
         Kite shield       |       |       |       |       |       |   234 |   260 |       ||   494
         Tower shield      |       |       |       |       |       |       |   294 |   325 ||   619

Table legend: (Time is in decaauts)
 A = Elapsed time spent in this place.
 B = Non-inter-level travel time spent in this place.
 C = Inter-level travel time spent in this place.
 D = Time resting spent in this place.
 E = Time spent auto-exploring this place.
 F = Levels seen in this place.
 G = Mean time per level.
                   A        B        C        D        E       F      G
               +--------+--------+--------+--------+--------+-----+--------+
         Total |  63823 |  60286 |   3537 |  17819 |  32759 |  41 | 1556.7 |
       Dungeon |  23641 |  22307 |   1334 |   7512 |  11563 |  15 | 1576.1 |
        Temple |    164 |    156 |      8 |      0 |    145 |   1 |  164.0 |
          Lair |   8323 |   7564 |    759 |   1359 |   5123 |   5 | 1664.6 |
        Shoals |   5818 |   5594 |    224 |   1872 |   2631 |   4 | 1454.5 |
     Snake Pit |   7888 |   7632 |    256 |   2713 |   3872 |   4 | 1972.0 |
  Orcish Mines |   2294 |   2047 |    247 |    400 |   1237 |   2 | 1147.0 |
   Elven Halls |   5257 |   5020 |    237 |   1417 |   2509 |   3 | 1752.3 |
        Vaults |   9858 |   9388 |    470 |   2506 |   5398 |   5 | 1971.6 |
         Abyss |    441 |    441 |      0 |     37 |    199 |   1 |  441.0 |
       Ossuary |    136 |    136 |      0 |      0 |     79 |   1 |  136.0 |
               +--------+--------+--------+--------+--------+-----+--------+

Top non-repeatable levels by time:
     D:7: 3157 daAuts
Vaults:3: 2871 daAuts
Vaults:2: 2547 daAuts
     D:5: 2344 daAuts
 Snake:3: 2265 daAuts
  Lair:3: 2229 daAuts
 Snake:4: 2084 daAuts
Vaults:1: 2048 daAuts
 Snake:1: 2040 daAuts
Vaults:4: 2015 daAuts
     D:4: 1953 daAuts
Shoals:3: 1873 daAuts
  Lair:5: 1842 daAuts
    D:10: 1806 daAuts
   Elf:2: 1785 daAuts
